 Dungeon Crawl Stone Soup version 0.27.0-1-g7a089689b8 (webtiles) character file.

Game seed: 14917245595365077630

39 horus123 the Sneak (level 3, -2/24 HPs)
             Began as an Octopode Brigand on Aug 14, 2021.
             Slain by an orc (4 damage)
             ... on level 3 of the Dungeon.
             The game lasted 00:02:43 (1488 turns).

horus123 the Sneak (Octopode Brigand)               Turns: 1488, Time: 00:02:45

Health: -2/24      AC:  1    Str: 10    XL:     3   Next: 47%
Magic:  0/3        EV: 12    Int: 13    God:
Gold:   67         SH:  0    Dex: 14    Spells: 0/2 levels left

rFire    . . .     SeeInvis .   a - +3 dagger
rCold    . . .     Faith    .   (no shield)
rNeg     . . .     Spirit   .   (helmet restricted)
rPois    .         Reflect  .   (no amulet)
rElec    .         Harm     .   e - ring of wizardry
rCorr    .         Rampage  .   (no ring)
Will     .....                  (no ring)
Stlth    ++++......             (no ring)
HPRegen  0.08/turn              (no ring)
MPRegen  0.08/turn              (no ring)
                                (no ring)
                                (no ring)

@: no status effects
A: almost no armour, amphibious, 8 rings, camouflage 1, gelatinous body 1,
(nimble swimmer 1), tentacles
a: no special abilities


You were on level 3 of the Dungeon.
You visited 1 branch of the dungeon, and saw 3 of its levels.

You collected 67 gold pieces.

Inventory:

Hand Weapons
 a - a +3 dagger (weapon)
Missiles
 b - 14 poisoned darts
 c - 2 curare-tipped darts
 l - 8 boomerangs of dispersal
Jewellery
 e - a ring of wizardry (left tentacle)
 h - a ring of flight
Scrolls
 f - a scroll of vulnerability {unknown}
 j - a scroll of amnesia
 m - a scroll of enchant armour {unknown}
 n - a scroll of blinking {unknown}
 o - a scroll of teleportation
Potions
 d - 2 potions of curing {unknown}
 g - 2 potions of heal wounds {unknown}
 i - a potion of attraction {unknown}
 k - a potion of invisibility {unknown}


   Skills:
 + Level 2.0 Fighting
 + Level 2.2 Short Blades
 + Level 2.1 Throwing
 + Level 1.0 Dodging
 * Level 6.7 Stealth


You couldn't memorise any spells.
You knew the following spells:

 Your Spells              Type           Power      Damage    Failure   Level
a - Pain                  Necr           0%         1d4       12%         1
b - Animate Skeleton      Necr           0%         N/A       12%         1

Your spell library contained the following spells:

 Spells                   Type           Power      Damage    Failure   Level
 Vampiric Draining        Necr           0%         2d6       34%         3


Dungeon Overview and Level Annotations

Branches:
Dungeon (3/15)

Altars:


Innate Abilities, Weirdness & Mutations

You cannot wear most types of armour.
You are amphibious.
You can wear up to eight rings at the same time.
Your skin changes colour to match your surroundings (Stealth+).
Your rubbery body absorbs attacks. (AC +1, EV +1)
((You are camouflaged near water. (Stealth+)))
You have tentacles for arms and can constrict up to eight enemies at once.


Message History

The bat resists with some effort.
The bat hits you but does no damage.
You hit the bat but do no damage. You grab the bat. You constrict the bat.
The bat closely misses you.
The bat escapes!
You hit the bat. You grab the bat. You squeeze the bat.
You kill the bat!
Found 13 gold pieces.
Your magical contamination has completely faded away.
o - a scroll of teleportation Magic restored.
HP restored.
You now have 67 gold pieces (gained 13).
A hobgoblin comes into view.
An orc priest comes into view. It is wielding a +0 flail.
The hobgoblin shouts!
You hear a shout!
The orc priest shouts!
You hear a shout! x2
The orc priest looks satisfied for a moment.
The hobgoblin closely misses you.
The hobgoblin writhes in agony.
The orc priest looks encouraged for a moment.
The hobgoblin hits you.
An orc comes into view. It is wielding a +0 hand axe.
The hobgoblin resists with some effort.
The hobgoblin hits you.
The hobgoblin writhes in agony.
An orc comes into view. It is wielding a +0 short sword.
The hobgoblin barely misses you.
The orc priest mumbles some strange prayers to Beogh against you.
Beogh smites you!
Ouch! That really hurt!
* * * LOW HITPOINT WARNING * * *
An orc comes into view. It is wielding a +0 mace.
You hit the hobgoblin.
You kill the hobgoblin!
The orc priest miscasts a cantrip.
You are too injured to fight recklessly!
Aiming: Pain (safe; 12% risk of failure)
Press: ? - help, Q - select action, (/) - cycle Shift-Dir - straight line, f - orc
Aim: an orc, wielding a +0 short sword (chance to affect: 50%)
The orc writhes in agony.
The orc hits you with a +0 short sword.
You die...

.##.##.# #.####..#
.......### #.##....###
#..o.†.# ###.##.#.....
##.
######o####...##.#..#
....
#o##..###......####....
#.##..# #...#.##.......
#..o..###.##..........#
####.#....##..........#
#.####@##...........
#.o.oo.##........###
#########...<....#
#....†...# #...........
###.#####... ... .).
.## .. .


You could see an orc priest and 3 orcs.

Vanquished Creatures
  A dart slug (D:2)
  A ball python (D:2)
  4 bats
  2 endoplasms
  5 hobgoblins
  8 jackals
  A quokka (D:1)
  2 frilled lizards (D:1)
  5 goblins
  A kobold (D:1)
  A rat (D:1)
31 creatures vanquished.

Notes
Turn   | Place    | Note
-------+----------+-------------------------------------------
     0 | D:1      | horus123 the Octopode Brigand began the quest for the Orb.
     0 | D:1      | Reached XP level 1. HP: 14/14 MP: 1/1
   103 | D:1      | Reached XP level 2. HP: 19/19 MP: 2/2
   125 | D:1      | Reached skill level 6 in Stealth
   279 | D:1      | Found a faded altar of an unknown god.
   684 | D:1      | Reached XP level 3. HP: 24/24 MP: 3/3
  1290 | D:2      | Learned a level 1 spell: Pain
  1292 | D:2      | Learned a level 1 spell: Animate Skeleton
  1488 | D:3      | Slain by an orc

Illustrated notes

Levels and vault maps discovered:
D:1:      onia_arrival_mini_maze_b, layout_basic,
          chequers_ecumenical_altar_island
D:2:      layout_rooms
D:3:      layout_loops_cross, lemuel_tele_altar

Skill      XL: |  1  2 |
---------------+-------+-----
Stealth        | 6 |  6.7
Fighting       | |  2.0
Short Blades   | |  2.2
Throwing       | |  2.1
Dodging        | |  1.0

Action                   || total
-------------------------++-------
Melee: Dagger            ||    48
       Constrict         ||    15
       Tentacles         ||    10
 Cast: Pain              ||     6
  Use: Scroll            ||     4
 Stab: Sleeping          ||     9
Armor: Skin              ||     3
Dodge: Dodged            ||    36
